AoeStats
← a.l.a.n.t

Nomad

504849200Analyzed
4v4 RM · 25d ago on Sep 6, 2026· 48m 21s· 8 players
Game mode
Random Map
Map size
231×231
Population
200
Speed
Normal
Resources
Standard
Victory
Conquest
Starting age
Dark Age
Ending age
Imperial Age
RankedLock teamsTeams togetherTeam positionsShared explorationLock speedFull tech treeHidden civsTurbo modeCheats
Victory
Defeat
🇲🇽 Bengalis · Mexico
1299
+15
🇩🇪 Cumans · Germany
1279
+15
🇺🇸 Dravidians · United States
1269
+16
🇧🇷 Bulgarians · Brazil
1235
+17
🇷🇺 Celts · Russia
1271
-16
🇬🇧 Dravidians · United Kingdom
1271
-16
🇪🇸 Khmer · Spain
1265
-16
🇹🇷 Italians · Türkiye
1253
-15
Aspirante
13:31 Feudal Age
16:43 Castle Age
15:00 Double-Bit Axe
15:50 Horse Collar
17:17 Loom
19:22 Stone Mining
29:57 Imperial Age
27:35 Gold Mining
28:43 Bow Saw
36:18 Wheelbarrow
43:36 Forging
43:31 Scale Barding Armor
43:26 Light Cavalry
44:16 Bloodlines
46:11 Husbandry
47:43 Iron Casting
Homogenius
3:46 Loom
13:28 Feudal Age
14:45 Double-Bit Axe
16:23 Gold Mining
23:17 Castle Age
22:12 Fletching
26:49 Medium Warships
41:28 Bodkin Arrow
42:37 Ballistics
42:05 Horse Collar
43:30 Padded Archer Armor
roman.gringo
5:49 Loom
13:25 Feudal Age
17:49 Castle Age
16:51 Double-Bit Axe
17:47 Wheelbarrow
17:37 Gold Mining
25:11 Bow Saw
28:04 Ballistics
29:56 Gold Shaft Mining
47:13 Imperial Age
45:39 Scale Mail Armor
45:51 Forging
46:42 Pikeman
a.l.a.n.t
5:04 Loom
14:26 Feudal Age
18:37 Castle Age
16:40 Double-Bit Axe
16:50 Horse Collar
17:23 Fishing Lines
17:58 Fletching
18:02 Town Watch
21:14 Town Patrol
22:31 Bow Saw
22:17 Gold Mining
23:14 Bodkin Arrow
25:55 Ballistics
25:59 Husbandry
27:08 Padded Archer Armor
28:39 Wheelbarrow
29:18 Leather Archer Armor
36:39 Imperial Age
36:56 Elite Elephant Archer
37:42 Thumb Ring
37:42 Bracer
40:49 Chemistry
41:42 Ring Archer Armor
WoodElf2501
11:26 Loom
13:13 Feudal Age
14:17 Double-Bit Axe
19:31 Castle Age
18:53 Fletching
19:38 Scale Mail Armor
20:29 Fishing Lines
21:05 Medium Warships
21:20 Bodkin Arrow
24:04 Town Watch
29:15 Scale Barding Armor
29:21 Forging
31:00 Wheelbarrow
36:52 Husbandry
38:55 Horse Collar
42:15 Iron Casting
46:05 Imperial Age
46:06 Chain Barding Armor
47:06 Bracer
47:30 Ballistics
48:11 Chemistry
48:23 Murder Holes
48:39 Masonry
Morfeo
6:13 Loom
13:16 Feudal Age
15:54 Wheelbarrow
15:13 Double-Bit Axe
18:18 Castle Age
16:50 Stone Mining
19:55 Bow Saw
19:35 Horse Collar
23:25 Medium Warships
25:11 Town Watch
26:30 Fletching
28:09 Bodkin Arrow
29:02 Hand Cart
33:34 Imperial Age
31:58 Paiks
31:46 Gold Mining
33:43 Redemption
34:08 Ballistics
33:43 Murder Holes
34:03 Padded Archer Armor
33:50 Elite Ratha (Ranged)
34:58 Conscription
35:55 Two-Man Saw
35:08 Heavy Plow
35:30 Bracer
36:48 Leather Archer Armor
37:05 Mahayana
37:17 Mahayana
38:21 Chemistry
37:28 Siege Engineers
37:33 Masonry
37:06 Treadmill Crane
38:35 Elite Skirmisher
38:39 Elite Elephant Archer
40:21 Ring Archer Armor
46:44 Gold Shaft Mining
Pretty Pikeman
2:58 Loom
13:16 Feudal Age
13:45 Double-Bit Axe
18:47 Castle Age
17:10 Stone Mining
20:10 Fishing Lines
20:51 Fletching
24:31 Bow Saw
24:27 Bodkin Arrow
27:25 Gillnets
30:09 Ballistics
30:55 Padded Archer Armor
34:06 Bloodlines
38:53 Scale Barding Armor
40:00 Chain Barding Armor
41:37 Forging
42:16 Steppe Husbandry
bailey
15:29 Feudal Age
16:12 Double-Bit Axe
19:10 Castle Age
17:35 Loom
17:42 Fishing Lines
19:52 Fletching
20:47 Bodkin Arrow
21:14 Bow Saw
21:21 Husbandry
23:19 Horse Collar
24:40 Padded Archer Armor
26:10 Wheelbarrow
28:21 Scale Barding Armor
28:33 Hand Cart
34:25 Devotion
39:13 Leather Archer Armor
39:19 Chain Barding Armor
43:33 Imperial Age
43:21 Ballistics
43:57 Elite Elephant Archer
47:20 Forging
Connection lost

Rejoining the realm…

Still unreachable

The connection could not be restored.

Session expired

The server has moved on; the page needs a fresh start.